 Dungeon Crawl Stone Soup version 0.28-a0-1435-g82390b3a13 (webtiles) character file.

Game seed: 3041199371579097812

9866 knot the Cleaver (level 11, -7/78 HPs)
             Began as a Demonspawn Berserker on Jan 10, 2022.
             Was a Priest of Trog.
             Mangled by a red ugly thing (21 damage)
             ... on level 11 of the Dungeon.
             The game lasted 00:19:22 (12882 turns).

knot the Cleaver (Demonspawn Berserker)            Turns: 12882, Time: 00:19:23

Health: -7/78      AC: 11    Str: 25    XL:     11   Next: 28%
Magic:  0/11       EV: 15    Int: 12    God:    Trog [***...]
Gold:   545        SH:  0    Dex: 12    Spells: 10/10 levels left

rFire   . . .      SeeInvis .   I - +3 battleaxe (spect)
rCold   . . .      Faith    .   (shield currently unavailable)
rNeg    . . .      Spirit   +   u - +3 leather armour
rPois   .          Reflect  .   h - +0 helmet
rElec   .          Harm     .   (no cloak)
rCorr   .          Rampage  .   s - +0 pair of gloves
Will    .....                   C - +0 pair of boots
Stlth   +.........              n - amulet of guardian spirit
HPRegen 0.23/turn               c - +4 ring of evasion
MPRegen 0.12/turn               w - +6 ring of strength

@: about to teleport
A: rugged brown scales 2, powered by death 1, demonic touch 2
a: Renounce Religion, Berserk, Trog's Hand


You were on level 11 of the Dungeon.
You worshipped Trog.
Trog was most pleased with you.
You visited 2 branches of the dungeon, and saw 13 of its levels.

You collected 594 gold pieces.
You spent 49 gold pieces at shops.

Inventory:

Hand Weapons
 q - a +2 hand axe of freezing
 E - a +5 trident of freezing
 I - a +3 spectral battleaxe (weapon)
 J - a +4 war axe
Missiles
 e - 294 stones
 j - 13 boomerangs
 m - 126 sling bullets
 A - 13 javelins
 B - 11 poisoned darts (quivered)
Armour
 h - a +0 helmet (worn)
 s - a +0 pair of gloves (worn)
 u - a +3 leather armour (worn)
 v - a +1 robe of cold resistance
 C - a +0 pair of boots (worn)
 D - a +1 leather armour of cold resistance
Jewellery
 c - a +4 ring of evasion (left hand)
 n - an amulet of guardian spirit (around neck)
 r - a ring of protection from cold
 w - a +6 ring of strength (right hand)
 y - a +6 ring of intelligence
 G - a ring of protection from cold
Wands
 a - a wand of charming (7)
 g - a wand of acid (1)
 F - a wand of digging (4)
 H - a wand of iceblast (7)
Scrolls
 p - 4 scrolls of magic mapping
 K - a scroll of brand weapon
 L - a scroll of amnesia {unknown}
Potions
 b - 2 potions of heal wounds
 d - 6 potions of curing
 f - a potion of might {unknown}
 i - a potion of mutation {unknown}
 k - a potion of lignification
 l - 2 potions of degeneration {unknown}
 o - a potion of haste {unknown}
 t - a potion of flight {unknown}
 z - 2 potions of brilliance {unknown}


   Skills:
 - Level 3.0 Fighting
 * Level 13.0 Axes
 * Level 10.2 Throwing
 - Level 1.7 Armour
 - Level 1.7 Dodging


You had 10 spell levels left.
You didn't know any spells.
Your spell library contained the following spells:

 Spells                   Type           Power      Damage    Failure   Level
 Animate Skeleton         Necr           0%         N/A       36%         1
 Freeze                   Ice            0%         1d3       36%         1
 Pain                     Necr           0%         1d4       36%         1
 Sting                    Tmut/Pois      0%         1d3       36%         1
 Corpse Rot               Necr/Air       0%         N/A       50%         2
 Poisonous Vapours        Pois/Air       0%         N/A       50%         2
 Frozen Ramparts          Ice            0%         1d2       73%         3
 Vampiric Draining        Necr           0%         2d6       73%         3
 Hailstorm                Conj/Ice       0%         3d3       98%         4
 Ice Form                 Ice/Tmut       0%         N/A       98%         4
 Leda's Liquefaction      Hex/Erth       0%         N/A       98%         4
 Olgreb's Toxic Radiance  Pois           0%         N/A       98%         4
 Summon Ice Beast         Ice/Summ       0%         N/A       98%         4
 Lee's Rapid Deconstruct  Erth           0%         3d5*      100%        5
 Summon Forest            Summ/Tloc      0%         N/A       100%        5
 Summon Mana Viper        Hex/Summ       0%         N/A       100%        5
 Statue Form              Tmut/Erth      0%         N/A       100%        6
 Summon Cactus Giant      Summ           0%         N/A       100%        6
 Malign Gateway           Summ/Tloc      0%         N/A       100%        7
 Summon Horrible Things   Summ           0%         N/A       100%        8


Dungeon Overview and Level Annotations

Branches:
Dungeon (12/15)            Temple (1/1) D:4             Orc (0/2) D:10
   Lair: D:8-11

Altars:
Ashenzari
Cheibriados
Dithmenos
Elyvilon
Fedhas
Gozag
Hepliaklqana
Kikubaaqudgha
Makhleb
Nemelex Xobeh
Okawaru
Qazlal
Ru
Sif Muna
Trog
Uskayaw
Vehumet
Wu Jian
Xom
Yredelemnul
Zin
The Shining One
Beogh

Shops:
D:3 ?   D:5 (

Annotations:
D:12 Urug


Innate Abilities, Weirdness & Mutations

You are mostly covered in rugged brown scales. (AC +2, +5% HP)
You regenerate a little health from kills.
Your touch may inflict irresistible damage on your foes.


Message History

The boulder beetle leaps!
Unknown command.
You slice the red ugly thing!!
The red ugly thing is moderately wounded.
You barely miss the shadow.
Your +3 spectral battleaxe hits the shadow!
Your +3 spectral battleaxe hits the red ugly thing!
The red ugly thing headbutts you.
You are engulfed in flames!
The boulder beetle leaps!
The shadow hits you.
You closely miss the shadow.
The shadow is severely damaged.
You closely miss the red ugly thing.
Your +3 spectral battleaxe hits the red ugly thing!
Your +3 spectral battleaxe hits the shadow.
The red ugly thing headbutts you!
You are engulfed in flames!
The shadow hits you.
An orc warrior comes into view. It is wielding a +0 long sword.
The red ugly thing headbutts you!
You are engulfed in flames!!
* * * LOW HITPOINT WARNING * * *
The shadow slips into darkness.
The shadow flickers and vanishes!
Deactivating autopickup; reactivate with Ctrl-A.
You feel much better. The red ugly thing barely misses you.
Okay, then.
You slash the red ugly thing!
The red ugly thing is almost dead.
You hit something.
Your +3 spectral battleaxe barely misses something.
The shadow strikes at you from the darkness!
* * * LOW HITPOINT WARNING * * *
Reactivating autopickup.
The red ugly thing headbutts you but does no damage.
The shadow slips into darkness.
The shadow flickers and vanishes!
Deactivating autopickup; reactivate with Ctrl-A.
As you read the scroll of teleportation, it crumbles to dust.
You feel strangely unstable. The red ugly thing headbutts you.
* * * LOW HITPOINT WARNING * * *
You are engulfed in flames!!
You die...

.......... #.......# ###.
##.....o.# ....
....B....# .....
.........# .....
#####+### #.......#......
.......>. #......§#......
..........#######u§....$.
................@.######.
..................#
..................#
..................#
..................#
..########........# ..#
#........# ..# #........#
..# #........#


You could see a red ugly thing.

Vanquished Creatures
  A hydra (D:11)
  2 boulder beetles (D:12)
  A two-headed ogre (D:10)
  A gargoyle (D:10)
  A hornet (D:8)
  2 shadows
  2 wraiths (D:12)
  12 yaks
  A steam dragon (D:7)
  4 water moccasins
  2 necrophages
  8 orc warriors (D:10)
  A hornet zombie (D:6)
  An ogre (D:4)
  7 centaurs
  A phantom (D:5)
  A kobold brigand (D:7)
  2 bullfrogs
  Blork the orc (D:4)
  2 scorpions
  A water moccasin skeleton (D:7)
  8 killer bees
  12 wights
  A howler monkey (D:6)
  3 centaur zombies
  2 bullfrog zombies
  3 orc priests
  5 hounds
  3 jellies
  A gnoll shaman (D:7)
  A bullfrog skeleton (D:5)
  2 centaur skeletons
  Jessica (D:3)
  5 orc wizards
  2 killer bee zombies
  2 hound skeletons (D:5)
  A howler monkey skeleton (D:6)
  5 adders
  8 gnolls
  4 ufetubi
  3 worms
  2 dart slugs
  34 orcs
  6 ball pythons
  9 bats
  7 endoplasms
  4 giant cockroaches
  2 goblins
  6 hobgoblins
  7 jackals
  A quokka (D:2)
  A frilled lizard (D:3)
  4 kobolds
  A rat (D:2)
210 creatures vanquished.

Notes
Turn   | Place    | Note
-------+----------+-------------------------------------------
     0 | D:1      | knot the Demonspawn Berserker began the quest for the Orb.
     0 | D:1      | Reached XP level 1. HP: 18/18 MP: 1/1
   477 | D:1      | Reached skill level 3 in Axes
   898 | D:1      | Gained mutation: Your touch may inflict minor irresistible
                  | damage on your foes. [demonic ancestry]
   898 | D:1      | Reached XP level 2. HP: 22/24 MP: 2/2
  1486 | D:2      | Reached XP level 3. HP: 23/29 MP: 3/3
  1777 | D:2      | Reached skill level 4 in Axes
  1791 | D:2      | Reached ** piety under Trog
  2727 | D:3      | Found Rukulim's Magic Scroll Shop.
  2731 | D:3      | Bought a scroll of magic mapping for 49 gold pieces
  2777 | D:3      | Gained mutation: You regenerate a little health from kills.
                  | [demonic ancestry]
  2777 | D:3      | Reached XP level 4. HP: 14/35 MP: 4/4
  3046 | D:3      | Reached skill level 5 in Axes
  3524 | D:3      | Noticed Jessica
  3531 | D:3      | Killed Jessica
  3532 | D:3      | Reached XP level 5. HP: 39/41 MP: 3/5
  3785 | D:4      | Found a staircase to the Ecumenical Temple.
  3800 | Temple   | Entered the Ecumenical Temple
  4416 | D:4      | Reached skill level 6 in Axes
  4423 | D:4      | Gained mutation: Your touch may inflict irresistible damage
                  | on your foes. [demonic ancestry]
  4423 | D:4      | Reached XP level 6. HP: 47/47 MP: 4/6
  4810 | D:4      | Noticed Blork the orc
  4822 | D:4      | Killed Blork the orc
  4823 | D:4      | Reached skill level 7 in Axes
  5243 | D:4      | Reached XP level 7. HP: 43/52 MP: 5/7
  5315 | D:5      | Entered Level 5 of the Dungeon
  5625 | D:5      | Reached skill level 8 in Axes
  6060 | D:5      | Reached skill level 1 in Throwing
  6278 | D:5      | Found Natougi's Weapon Shoppe.
  6349 | D:6      | Gained mutation: You are partially covered in rugged brown
                  | scales. (AC +1, +3% HP) [demonic ancestry]
  6349 | D:6      | Reached XP level 8. HP: 48/59 MP: 6/8
  6719 | D:6      | Reached skill level 9 in Axes
  8120 | D:7      | Reached skill level 5 in Throwing
  8120 | D:7      | Reached XP level 9. HP: 64/64 MP: 6/9
  8372 | D:7      | Reached skill level 10 in Axes
  9655 | D:8      | Reached *** piety under Trog
  9970 | D:8      | Reached skill level 11 in Axes
 10265 | D:9      | Reached XP level 10. HP: 38/72 MP: 3/10
 11380 | D:10     | Entered Level 10 of the Dungeon
 11412 | D:10     | Found a staircase to the Orcish Mines.
 11421 | D:10     | Noticed a gargoyle
 11430 | D:10     | Killed a gargoyle
 11436 | D:10     | Reached skill level 12 in Axes
 11978 | D:10     | Noticed a two-headed ogre
 11986 | D:10     | Killed a two-headed ogre
 12164 | D:10     | Found an ornate altar of the Wu Jian Council.
 12228 | D:10     | Reached **** piety under Trog
 12245 | D:10     | You fall into a shaft and drop 2 floors!
 12250 | D:12     | Noticed a boulder beetle
 12258 | D:12     | Killed a boulder beetle
 12259 | D:12     | Gained mutation: You are mostly covered in rugged brown
                  | scales. (AC +2, +5% HP) [demonic ancestry]
 12259 | D:12     | Reached XP level 11. HP: 72/78 MP: 11/11
 12326 | D:12     | Noticed a boulder beetle
 12351 | D:12     | Killed a boulder beetle
 12400 | D:12     | Reached skill level 10 in Throwing
 12400 | D:12     | Noticed a white ugly thing
 12403 | D:12     | Noticed Urug
 12458 | D:11     | Noticed a five-headed hydra
 12471 | D:11     | Killed a five-headed hydra
 12472 | D:11     | Reached skill level 13 in Axes
 12873 | D:11     | Noticed a boulder beetle
 12873 | D:11     | Noticed a red ugly thing
 12882 | D:11     | Mangled by a red ugly thing

Illustrated notes

Levels and vault maps discovered:
D:1:      evilmike_arrival_hilbert_curve, layout_loops_ring
D:2:      layout_loops_ring, minivault_26
D:3:      layout_loops_ring, serial_shops, nicolae_shop_trees, uniq_jessica
D:4:      layout_loops_ring, minmay_temple_entry_slanted, uniq_blork_the_orc
D:5:      layout_loops_ring, serial_shops, kennysheep_mini_moat
D:6:      layout_loops_ring
D:7:      layout_rooms, roderic_serpentine_path, hangedman_decor_opposing,
          minmay_puff
D:8:      layout_loops_ring, minmay_circle_x
D:9:      layout_long_grid
D:10:     layout_cave_pods, mainiacjoe_overflow_brackets, david_orc_5
D:11:     layout_gridville, erik_lair_island, skrybe_limestone_x
D:12:     layout_basic, uniq_nessos, uniq_urug, uniq_kirke
Temple:   mainiacjoe_temple_starburst

Skill      XL: |  1  2  3  4  5  6  7  8  9 10 11 |
---------------+----------------------------------+-----
Axes           | 3 4 5 6 7 8 9 11 12 13 | 13.0
Throwing       | 2 5 7 9 10 | 10.2
Fighting       | |  3.0
Armour         | |  1.7
Dodging        | |  1.7

Action                   |  1- 3 |  4- 6 |  7- 9 | 10-12 || total
-------------------------+-------+-------+-------+-------++-------
Melee: Hand axe          |   144 |    67 |   123 |       ||   334
       Punch             |     3 |     4 |     4 |       ||    11
       Touch             |    17 |    13 |    38 |       ||    68
       War axe           |       |       |   110 |       ||   110
       Battleaxe         |       |       |    25 |    99 ||   124
Throw: Boomerang         |       |     6 |       |       ||     6
       Javelin           |       |       |    18 |       ||    18
       Dart              |       |       |    24 |    30 ||    54
Invok: Berserk           |     2 |     3 |    10 |       ||    15
       Trog's Hand       |       |     1 |     1 |       ||     2
       Brothers in Arms  |       |       |       |     1 ||     1
Evoke: Wand              |       |       |     1 |     7 ||     8
  Use: Scroll            |     5 |       |     5 |     2 ||    12
       Potion            |       |       |     3 |     1 ||     4
 Stab: Sleeping          |     2 |       |     1 |       ||     3
Armor: Animal skin       |     9 |       |       |       ||     9
       Ring mail         |    45 |    23 |     2 |       ||    70
       Leather armour    |       |       |    96 |    13 ||   109
Dodge: Dodged            |    82 |    57 |   219 |    46 ||   404

Table legend: (Time is in decaauts)
 A = Elapsed time spent in this place.
 B = Non-inter-level travel time spent in this place.
 C = Inter-level travel time spent in this place.
 D = Time resting spent in this place.
 E = Time spent auto-exploring this place.
 F = Levels seen in this place.
 G = Mean time per level.
                   A        B        C        D        E       F      G
               +--------+--------+--------+--------+--------+-----+--------+
         Total |  13025 |  12518 |    507 |   3371 |   7656 |  13 | 1001.9 |
       Dungeon |  12217 |  11759 |    458 |   3170 |   7107 |  12 | 1018.1 |
        Temple |    808 |    760 |     48 |    201 |    549 |   1 |  808.0 |
               +--------+--------+--------+--------+--------+-----+--------+

Top non-repeatable levels by time:
     D:3: 1473 daAuts
     D:1: 1403 daAuts
     D:6: 1305 daAuts
     D:9: 1287 daAuts
     D:7: 1283 daAuts
     D:5: 1123 daAuts
     D:4: 1060 daAuts
     D:8: 1030 daAuts
    D:10: 988 daAuts
  Temple: 808 daAuts
     D:2: 778 daAuts
    D:11: 324 daAuts
    D:12: 158 daAuts
